Map: Triton LE

Players

Clem

  • Race: Terran Terran
  • League: Master
  • Spawn Location: 11:00

Neeblet (Neeb) - Winner!

  • Race: Protoss Protoss
  • Spawn Location: 5:00

VOD

Have the link to the VOD?

Description

Time

  • Played on: Jan. 14, 2020, 1:52 p.m.
  • Length: 17:45
Show
View Real Time Build Order
Export as new Build Order

Clem Terran 

Build Orders: Reaper Expand 

Get SALT Encoding   

  12  0:01  SCV  
  13  0:13  SCV  
  14  0:17  Supply Depot  
  14  0:26  SCV  
  15  0:38  SCV  
  15  0:40  Barracks  
  16  0:45  Refinery  
  16  0:50  SCV  
  17  1:03  SCV  
  18  1:15  SCV  
  19  1:27  Orbital Command  
  19  1:28  Reaper  
  20  1:45  Command Center  
  20  1:52  SCV, Supply Depot  
  21  2:00  Marine  
  22  2:04  SCV  
  23  2:09  Factory  
  23  2:14  Bunker  
  23  2:20  SCV  
  23  2:22  Barracks Reactor  
  24  2:28  Refinery  
  24  2:33  SCV  
  24  2:45  SCV  
  25  2:57  SCV, Starport  
  26  2:58  Orbital Command  
  26  2:59  Marine x2  
  26  3:01  Widow Mine  
  30  3:09  SCV  
  31  3:16  Marine x2  
  33  3:22  Widow Mine  
  33  3:24  SCV  
  33  3:26  SCV  
  36  3:34  Marine x2  
  36  3:36  SCV  
  36  3:38  Medivac  
  39  3:42  SCV  
  39  3:44  Widow Mine  
  39  3:47  Supply Depot  
  40  3:49  SCV  
  40  3:52  Marine x2  
  43  3:57  SCV  
  44  4:03  SCV  
  47  4:10  Marine x2  
  47  4:13  Barracks  
  47  4:15  Starport Tech Lab, Factory Tech Lab  
  47  4:16  SCV  
  47  4:17  Barracks  
  47  4:22  Supply Depot  
  47  4:26  SCV  
  47  4:28  Marine  
  47  4:30  SCV  
  50  4:33  Raven  
  50  4:38  SCV  
  53  4:39  Engineering Bay  
  53  4:43  SCV  
  53  4:46  Refinery  
  53  4:47  Marine x2  
  53  4:49  Factory Reactor  
  53  4:52  SCV  
  56  4:55  SCV  
  57  5:01  Supply Depot  
  57  5:04  SCV, Marine  
  57  5:05  Marine  
  60  5:10  Stimpack, Marauder  
  60  5:12  Terran Infantry Weapons Level 1  
  62  5:16  Supply Depot  
  62  5:22  Starport Reactor  
  62  5:23  SCV x2, Marauder  
  62  5:24  Marine x2  
  62  5:25  Supply Depot  
  68  5:35  SCV x2  
  70  5:36  Combat Shield  
  70  5:38  Marauder  
  72  5:45  Supply Depot  
  72  5:46  Marine x2  
  72  5:47  SCV x2, Marauder  
  78  5:54  Widow Mine  
  78  5:55  Widow Mine  
  78  5:56  Refinery  
  82  5:59  SCV  
  82  6:01  Supply Depot  
  82  6:03  Marauder  
  85  6:05  SCV  
  85  6:07  Marine  
  85  6:08  Marine  
  85  6:09  Medivac  
  90  6:11  SCV  
  90  6:13  Supply Depot  
  90  6:14  Medivac  
  93  6:18  Supply Depot  
  93  6:23  Widow Mine x2, Marauder  
  99  6:26  Marauder  
  99  6:27  Marine  
  102  6:35  Marine  
  103  6:43  Missile Turret  
  103  6:44  Marine, Supply Depot, Missile Turret  
  103  6:46  Widow Mine  
  108  6:47  Widow Mine  
  108  6:48  SCV x2  
  103  6:54  Marine x2  
  103  6:59  Marauder  
  107  7:02  Marauder  
  107  7:11  Command Center  
  107  7:13  Factory Reactor  
  105  7:16  Marine x2  
  105  7:20  Supply Depot, Marauder  
  108  7:23  Marauder  
  108  7:24  SCV x2  
  104  7:35  Barracks  
  104  7:36  Barracks  
  104  7:39  Medivac  
  104  7:42  Marauder  
  106  7:44  Marine x2  
  106  7:47  Medivac  
  106  7:49  Marauder  
  106  7:50  SCV x2  
  112  8:02  Marine  
  112  8:03  Marauder  
  116  8:05  SCV  
  116  8:06  SCV  
  116  8:12  Terran Infantry Armor Level 1  
  114  8:14  Marine, Marauder  
  114  8:16  Starport  
  114  8:19  Viking x2  
  119  8:24  Barracks Reactor, Marauder, Barracks Tech Lab  
  119  8:27  Orbital Command  
  121  8:29  SCV  
  121  8:31  Marine  
  123  8:36  SCV, Marauder  
  123  8:37  Marine  
  123  8:39  Concussive Shells  
  123  8:41  Armory  
  127  8:43  Engineering Bay  
  127  8:52  Marine  
  127  8:53  Marauder  
  127  8:54  SCV x2  
  128  8:56  SCV  
  128  8:57  Viking  
  128  9:00  Viking  
  128  9:02  Marine  
  132  9:06  SCV x2, Marine x2  
  132  9:12  Viking  
  129  9:20  Viking  
  129  9:21  SCV x3  
  130  9:24  Marine x3, Supply Depot  
  130  9:27  Marauder  
  135  9:35  SCV x3  
  135  9:37  Terran Infantry Weapons Level 2  
  138  9:39  Supply Depot  
  138  9:42  Ghost Academy  
  138  9:44  Marine x4  
  142  9:47  Viking  
  144  9:53  Viking  
  144  9:55  SCV x3  
  144  9:57  Refinery  
  149  10:00  Supply Depot  
  149  10:01  Refinery  
  149  10:05  Marauder x3  
  155  10:07  Terran Infantry Armor Level 2  
  154  10:16  Marine x4  
  157  10:26  Marauder x3  
  163  10:30  Supply Depot  
  163  10:39  Marine x4  
  163  10:41  Command Center  
  166  10:43  Supply Depot x2  
  166  10:47  Ghost x2  
  166  10:48  Ghost  
  172  10:54  Terran Ship Weapons Level 1, Factory Tech Lab  
  172  10:57  Barracks x3  
  172  11:03  Marine x3, Supply Depot  
  165  11:14  Marine  
  165  11:16  SCV x2  
  161  11:19  Liberator  
  161  11:23  Liberator  
  153  11:28  Marine x2, Marauder x2  
  153  11:32  Marauder  
  160  11:34  SCV  
  160  11:35  Marine x2  
  160  11:36  Liberator  
  151  11:41  SCV  
  151  11:45  SCV  
  156  11:49  Marauder  
  156  11:51  SCV  
  156  11:52  Marine x2  
  156  11:53  Marauder  
  156  11:54  Marauder, Liberator  
  168  11:57  Marine x2  
  168  12:00  SCV x2  
  168  12:01  Refinery  
  172  12:06  SCV  
  172  12:07  Liberator  
  173  12:10  Ghost  
  173  12:12  Marine x2  
  174  12:17  SCV x2  
  174  12:19  Missile Turret  
  175  12:25  Marine x2  
  175  12:29  Marauder  
  176  12:32  Marine x2  
  176  12:33  Marauder  
  176  12:35  SCV x2  
  182  12:39  Marauder  
  182  12:40  Liberator  
  182  12:43  Marine  
  165  12:48  Marine  
  165  12:50  Marine, SCV, Marauder  
  159  12:54  Marine, Marauder  
  159  12:56  SCV  
  142  13:00  SCV  
  142  13:01  Marine, Marauder  
  142  13:04  Liberator  
  123  13:06  Marine  
  123  13:08  Planetary Fortress  
  123  13:12  Marine x2  
  119  13:13  Marauder  
  119  13:15  Barracks Tech Lab  
  119  13:16  Marauder  
  119  13:17  Medivac  
  125  13:25  Marine x3, Barracks Reactor  
  130  13:37  Marine x2  
  130  13:38  Marauder  
  130  13:40  SCV x2  
  120  13:42  Ghost  
  120  13:43  Orbital Command  
  120  13:45  SCV  
  120  13:46  Marine x2  
  120  13:48  Marauder x2  
  116  13:50  Medivac  
  116  13:53  Ghost  
  116  13:54  Marine  
  118  14:00  Medivac  
  118  14:02  Liberator  
  117  14:03  Marine x3, Marauder  
  117  14:04  Marine  
  117  14:09  Marauder x2  
  127  14:11  Ghost  
  127  14:13  SCV  
  127  14:14  SCV x2  
  128  14:19  SCV  
  128  14:22  Marauder  
  134  14:25  SCV  
  134  14:28  SCV  
  134  14:29  SCV, Liberator  
  134  14:31  SCV  
  138  14:32  Marauder x2  
  138  14:36  Marine x2, Marauder  
  138  14:37  Marine x2, SCV  
  149  14:39  Marine x2  
  151  14:51  Viking x2  
  158  14:55  SCV x3  
  158  14:56  Refinery  
  158  14:57  Refinery  
  158  14:59  Enhanced Shockwaves  
  161  15:02  Liberator  
  161  15:04  Liberator  
  161  15:07  Marine x3  
  161  15:08  Marauder x2  
  167  15:14  Marine x2  
  167  15:16  Marauder  
  170  15:22  SCV  
  170  15:25  SCV, Missile Turret  
  170  15:27  Marauder  
  174  15:35  Marine x3  
  142  15:38  Marauder x2  
  142  15:40  SCV  
  132  15:42  Marine  
  132  15:43  Marine  
  132  15:45  Marine, Marauder x2  
  132  15:49  Marauder  
  141  15:50  SCV  
  141  15:52  Marine  
  142  15:57  Command Center  
  142  16:06  Marauder x2  
  142  16:07  Marauder  
  140  16:26  Marine x2  
  140  16:27  Marauder  
  144  16:36  Marauder x3  
  144  16:38  Ghost  
  146  16:48  Ghost  
  146  16:50  Marine x4  
  146  16:51  Marine x2  
  154  16:57  Marauder  
  153  17:02  Viking  
  153  17:08  Ghost  
  155  17:15  Ghost  
Show
View Real Time Build Order
Export as new Build Order

Neeblet Protoss - Winner!

Build Orders: 1 Gate Expand, Oracle Opening 

Get SALT Encoding   

  12  0:00  Probe  
  13  0:12  Probe  
  14  0:17  Pylon  
  14  0:24  Probe (Chrono Boost)  
  15  0:36  Gateway  
  15  0:37  Probe (Chrono Boost)  
  16  0:44  Probe (Chrono Boost)  
  16  0:46  Assimilator  
  17  0:51  Probe  
  18  1:03  Probe  
  19  1:15  Probe  
  20  1:22  Nexus  
  20  1:33  Cybernetics Core  
  20  1:35  Probe  
  21  1:42  Assimilator  
  21  1:47  Probe  
  21  1:51  Pylon  
  22  2:00  Probe (Chrono Boost)  
  23  2:02  Pylon  
  23  2:06  Stalker (Chrono Boost)  
  23  2:12  Probe (Chrono Boost)  
  26  2:17  Probe (Chrono Boost)  
  27  2:24  Stargate  
  27  2:29  Probe  
  28  2:34  Adept  
  30  2:37  Probe  
  30  2:41  Probe  
  31  2:49  Probe, Warp Gate  
  32  2:53  Probe  
  33  3:01  Probe  
  33  3:05  Probe  
  37  3:06  Oracle (Chrono Boost)  
  37  3:11  Adept  
  40  3:13  Probe  
  40  3:17  Probe  
  42  3:25  Probe  
  43  3:29  Probe  
  43  3:30  Pylon  
  44  3:37  Oracle (Chrono Boost)  
  44  3:40  Probe  
  48  3:43  Probe  
  47  3:52  Probe  
  48  3:55  Probe  
  48  3:58  Assimilator  
  48  4:00  Gateway  
  48  4:02  Gateway  
  49  4:05  Probe, Oracle (Chrono Boost), Assimilator  
  49  4:09  Probe  
  54  4:16  Nexus  
  54  4:18  Probe  
  54  4:20  Pylon  
  54  4:23  Probe  
  56  4:27  Pylon  
  56  4:30  Probe  
  57  4:32  Robotics Facility  
  57  4:35  Probe  
  57  4:37  Pylon  
  58  4:40  Phoenix  
  60  4:46  Probe  
  60  4:49  Probe  
  62  4:56  Pylon  
  62  4:57  Forge, Sentry  
  62  4:58  Probe  
  65  5:01  Probe  
  66  5:10  Probe  
  66  5:14  Probe  
  68  5:22  Probe, Immortal (Chrono Boost)  
  68  5:24  Stalker x2  
  68  5:26  Probe  
  78  5:29  Probe  
  78  5:34  Probe  
  80  5:38  Probe  
  80  5:40  Protoss Ground Armor Level 1 (Chrono Boost), Stalker  
  80  5:41  Probe  
  84  5:44  Robotics Bay  
  84  5:46  Probe, Pylon  
  84  5:49  Sentry, Zealot  
  89  5:50  Probe  
  89  5:54  Observer (Chrono Boost)  
  89  5:55  Probe, Pylon  
  92  5:58  Probe  
  93  6:05  Probe, Pylon  
  93  6:08  Assimilator x2  
  93  6:09  Probe  
  93  6:10  Twilight Council  
  95  6:20  Probe x2  
  95  6:23  Gateway  
  95  6:24  Gateway x2  
  97  6:30  Colossus (Chrono Boost)  
  98  6:36  Pylon  
  98  6:37  Probe  
  98  6:38  Stalker  
  98  6:39  Shield Battery, Stalker x2  
  110  6:45  Extended Thermal Lance  
  110  6:57  Charge (Chrono Boost)  
  110  7:05  Stalker  
  110  7:06  Stalker x2  
  112  7:13  Probe  
  112  7:15  Probe  
  110  7:16  Colossus (Chrono Boost)  
  110  7:22  Zealot x3  
  118  7:30  Zealot x2  
  118  7:32  Zealot  
  118  7:36  Probe x2, Shield Battery  
  126  7:41  Probe  
  127  7:44  Stalker x3  
  121  7:51  Probe  
  121  7:54  Protoss Ground Weapons Level 1 (Chrono Boost)  
  120  7:59  Stalker x2  
  120  8:00  Colossus (Chrono Boost)  
  130  8:10  Gateway  
  130  8:12  Gateway  
  130  8:13  Gateway  
  130  8:15  Forge  
  130  8:18  Templar Archives  
  130  8:25  Zealot  
  130  8:26  Zealot x4  
  140  8:28  Photon Cannon  
  140  8:32  Nexus  
  140  8:35  Pylon  
  140  8:39  Blink  
  140  8:42  Probe  
  141  8:51  Warp Prism (Chrono Boost)  
  141  8:53  Probe x2  
  141  8:54  Zealot x2  
  149  8:55  Pylon  
  149  8:57  Protoss Ground Armor Level 2 (Chrono Boost)  
  149  8:58  High Templar  
  146  9:13  Pylon  
  146  9:16  Probe  
  129  9:17  Disruptor (Chrono Boost)  
  129  9:18  Stalker x3  
  129  9:20  Probe  
  129  9:21  Probe  
  140  9:28  Probe  
  141  9:32  Probe  
  141  9:33  Probe  
  143  9:38  Photon Cannon  
  143  9:40  Probe  
  143  9:41  High Templar x4  
  143  9:43  High Templar  
  154  9:45  Archon x2  
  154  9:46  Assimilator, Disruptor (Chrono Boost)  
  154  9:48  Assimilator  
  157  9:55  Robotics Facility  
  157  9:59  Pylon  
  157  10:00  Protoss Ground Weapons Level 2 (Chrono Boost), Pylon  
  157  10:06  Shield Battery  
  157  10:19  Zealot x2  
  157  10:20  Zealot x2  
  168  10:21  Disruptor (Chrono Boost)  
  166  10:31  Psionic Storm  
  166  10:35  Observer  
  164  10:39  Zealot x6  
  164  10:40  Zealot x2  
  180  10:43  Disruptor (Chrono Boost)  
  186  11:01  Disruptor (Chrono Boost)  
  186  11:02  Zealot, Nexus  
  185  11:10  Disruptor (Chrono Boost)  
  181  11:14  Zealot  
  181  11:15  Zealot x6  
  186  11:19  Protoss Ground Armor Level 3 (Chrono Boost)  
  174  11:29  Zealot  
  174  11:32  Disruptor (Chrono Boost)  
  162  11:38  Disruptor  
  162  11:39  Zealot x7  
  169  11:46  Zealot x5  
  169  11:47  Zealot x2  
  167  11:53  Dark Shrine  
  167  11:56  Stalker  
  167  11:58  Probe  
  167  11:59  Probe x3  
  173  12:09  High Templar  
  173  12:11  Probe x2  
  174  12:17  Gravitic Drive  
  174  12:19  Assimilator  
  174  12:20  Probe  
  175  12:23  Assimilator  
  175  12:27  Pylon  
  175  12:29  Disruptor x2  
  167  12:31  Zealot x7  
  144  12:53  Archon  
  144  12:55  Zealot x7  
  144  12:56  Zealot  
  138  13:01  Probe  
  138  13:02  Probe x2  
  138  13:04  Disruptor  
  138  13:06  Probe  
  138  13:09  Nexus  
  137  13:28  Stalker x6  
  137  13:32  High Templar x2  
  145  13:52  Stalker x4  
  148  13:56  Stalker x2  
  148  14:01  Protoss Ground Weapons Level 3  
  148  14:03  Probe x2  
  148  14:05  High Templar, Colossus (Chrono Boost)  
  148  14:06  Protoss Shields Level 1, High Templar  
  160  14:11  Archon  
  160  14:16  Colossus (Chrono Boost)  
  163  14:30  High Templar  
  165  14:32  High Templar  
  165  14:36  Dark Templar x2  
  171  14:43  Stalker x2  
  175  14:51  Colossus (Chrono Boost)  
  179  15:19  Colossus (Chrono Boost)  
  181  15:23  Stalker  
  181  15:24  Stalker x6  
  158  15:39  Colossus (Chrono Boost)  
  151  15:50  High Templar x4  
  151  15:51  High Templar x4  
  167  16:05  Archon x2, Warp Prism (Chrono Boost)  
  163  16:26  Immortal (Chrono Boost)  
  163  16:28  Photon Cannon  
  167  16:33  Shield Battery  
  167  16:37  Disruptor (Chrono Boost)  
  170  16:40  Dark Templar x3  
  170  16:41  Zealot x5  
  185  16:59  Disruptor (Chrono Boost)  
  185  17:01  Probe x2  
  185  17:02  Probe  
  185  17:03  Probe  
  185  17:05  Stalker x3  
  185  17:06  Stalker x2  
  191  17:25  Archon x2  
  191  17:26  Zealot x3  
  177  17:31  Stalker x3  
  177  17:32  Nexus, Stalker x2  
Tags
 
Add a new tag
Caveats
  • Supply blocks, unpowered buildings, or Contaminate may cause inaccurate times.
  • Supply counts are checked every 10 seconds.